 Dungeon Crawl Stone Soup version 0.30-b1-2-g02819fbbbe (webtiles) character file.

Game seed: 6137524421264232767

265 LLlMATKO the Trooper (level 5, -1/72 HPs)
             Began as a Minotaur Berserker on Aug 23, 2023.
             Was a Priest of Trog.
             Splashed by a jelly's acid (8 damage)
             ... on level 4 of the Dungeon.
             The game lasted 00:02:08 (2156 turns).

LLlMATKO the Trooper (Minotaur Berserker)           Turns: 2156, Time: 00:02:08

Health: -1/72      AC:  1    Str: 23    XL:     5   Next: 99%
Magic:  4/4        EV:  9    Int:  4    God:    Trog [***...]
Gold:   215        SH:  3    Dex: 10    Spells: 4/4 levels left

rFire   . . .        a - +0 hand axe
rCold   . . .        r - +0 buckler
rNeg    . . .        t - +0 chain mail
rPois   .            (helmet restricted)
rElec   .            (no cloak)
rCorr   .            (no gloves)
SInv    .            (no boots)
Will    .....        (no amulet) Stlth
                     (no ring)
HPRegen 0.32/turn    (no ring)
MPRegen 0.09/turn

%: no passive effects
@: berserking, corroded, very quick
A: horns 2, retaliatory headbutt
a: Renounce Religion, Berserk, Trog's Hand


You were on level 4 of the Dungeon.
You worshipped Trog.
Trog was most pleased with you.
You visited 1 branch of the dungeon, and saw 4 of its levels.

You collected 215 gold pieces.

Inventory:

Hand Weapons
 a - a +0 hand axe (weapon)
Missiles
 g - 11 poisoned darts (quivered)
Armour
 r - a +0 buckler (worn)
 t - a +0 chain mail (worn)
Wands
 k - a wand of roots (11)
 s - a wand of polymorph (7)
Scrolls
 c - 5 scrolls of identify {unknown}
 f - 2 scrolls of poison {unknown}
 l - 4 scrolls of teleportation {unknown}
 m - a scroll of amnesia {unknown}
 o - 2 scrolls of noise {unknown}
 p - 2 scrolls of enchant armour {unknown}
Potions
 b - a potion of degeneration {unknown}
 d - a potion of magic {unknown}
 e - a potion of flight {unknown}
 h - a potion of attraction {unknown}
 i - a potion of ambrosia {unknown}
 j - a potion of resistance {unknown}
 n - a potion of curing {unknown}
 q - a potion of brilliance {unknown}


   Skills:
 + Level 5.1 Fighting
 + Level 5.0 Axes
 + Level 4.3 Armour
 + Level 3.8 Dodging
 + Level 0.7 Shields


You had 4 spell levels left.
You didn't know any spells.
Your spell library was empty.

Dungeon Overview and Level Annotations

Branches:
Dungeon (4/15)
 Temple: D:4-7

Altars:
Dithmenos
Nemelex Xobeh
Uskayaw
The Shining One

Shops:
D:4 [


Innate Abilities, Weirdness & Mutations

You have a pair of horns on your head.
You reflexively headbutt those who attack you in melee.


Message History

No target in view!
There is an escape hatch in the floor here.
A jelly comes into view.
A jelly is nearby!
A jelly is nearby!
The jelly hits you but does no damage.
A jelly is nearby!
You hit the jelly.
Your hands burn!
The jelly is moderately wounded.
The jelly hits you but does no damage.
A jelly is nearby!
You hit the jelly. The acid corrodes you!
Your hands burn!
The jelly is heavily wounded.
The jelly hits you. The acid corrodes you!
You are splashed with acid!
A jelly is nearby!
You hit the jelly.
Your hands burn!
The jelly is severely wounded.
The jelly hits you.
You are splashed with acid!
A jelly is nearby!
You are too injured to fight recklessly!
You are too injured to fight recklessly!
A jelly is nearby!
You are too injured to fight recklessly!
You are too injured to fight recklessly!
You completely miss the jelly.
The jelly is severely wounded.
The jelly hits you.
You are splashed with acid.
You hit the jelly.
Your hands burn!
* * * LOW HITPOINT WARNING * * *
Your headbutt misses the jelly.
The jelly is almost dead.
The jelly hits you.
* * * LOW HITPOINT WARNING * * *
The acid corrodes you!
You are splashed with acid!
* * * LOW HITPOINT WARNING * * *
A red film seems to cover your vision as you go berserk!
You feel yourself moving faster!
You feel mighty! The jelly hits you.
* * * LOW HITPOINT WARNING * * *
You are splashed with acid!
You die...

...#########
######...#...# #.#
...........#
#...........####.#
...#######.#
#.###...#.....>..#
...# #.# #.#
##.###########
.#.# #.#####.# #.#
.#.# #.......# #.#
.#.# ######### #.#
<#.# ##########.#
.#.# #...J@.....#
.#.## #.##########
....## .....#
.....# .#.#.#
.#.#.# ..<#.#
###...


You could see a jelly.

Vanquished Creatures
  A scorpion (D:2)
  An orc priest (D:2)
  An iguana (D:4)
  A sleepcap (D:4)
  Robin (D:2)
  An adder (D:3)
  3 worms
  A dart slug (D:1)
  4 orcs
  A bat zombie (D:4)
  5 endoplasms
  A giant cockroach (D:2)
  13 goblins
  9 hobgoblins
  6 jackals
  6 kobolds
  4 quokkas
  12 ball pythons
  7 bats
  A frilled lizard (D:3)
  5 rats
84 creatures vanquished.

Vanquished Creatures (others)
  A plant (D:2)
1 creature vanquished.

Grand Total: 85 creatures vanquished

Notes
Turn   | Place    | Note
-------+----------+-------------------------------------------
     0 | D:1      | LLlMATKO the Minotaur Berserker began the quest for the
                  | Orb.
     0 | D:1      | Reached XP level 1. HP: 19/19 MP: 0/0
    88 | D:1      | Reached XP level 2. HP: 27/27 MP: 1/1
   220 | D:1      | Reached XP level 3. HP: 32/33 MP: 2/2
   460 | D:1      | Reached ** piety under Trog
   609 | D:2      | Noticed a scorpion
   615 | D:2      | Killed a scorpion
   616 | D:2      | Reached XP level 4. HP: 41/41 MP: 3/3
   698 | D:2      | Reached XP level 5. HP: 29/47 MP: 4/4
   712 | D:2      | Noticed Robin
   728 | D:2      | Killed Robin
  1397 | D:3      | Found a hide-covered altar of Uskayaw.
  1517 | D:3      | Reached *** piety under Trog
  1740 | D:4      | Found Hadelax's Armour Boutique.
  1779 | D:4      | Found a shadowy altar of Dithmenos.
  1940 | D:4      | Reached skill level 5 in Fighting
  1940 | D:4      | Reached skill level 5 in Axes
  1967 | D:4      | Found a sparkling altar of Nemelex Xobeh.
  2050 | D:4      | Found a glowing golden altar of the Shining One.
  2156 | D:4      | Splashed by a jelly's acid

Illustrated notes

Levels and vault maps discovered:
D:1:      psy_arrival_fountain, layout_basic, minmay_splitting_lines
D:2:      layout_rooms, serial_forest, infiniplex_forest_end_double,
          infiniplex_forest_straight_2, infiniplex_forest_straight_1,
          infiniplex_forest_lined_room_2, infiniplex_forest_straight_3,
          infiniplex_forest_lined_2, minmay_misc_feat_doors,
          minmay_misc_feat_tower, uniq_robin
D:3:      cheibrodos_helix_gallery, layout_rooms,
          nicolae_uskayaw_murder_on_the_dancefloor
D:4:      layout_loops_ring, lemuel_zombie_altar_kikubaaqudgha, tso_metal_star,
          nicolae_dithmenos_through_a_glass_darkly, nemelex_spade_bored_becter,
          serial_shops, nicolae_shop_scrapyard

Skill      XL: |  1  2  3  4  5 |
---------------+----------------+-----
Axes           | 4 5 |  5.0
Armour         | 3 4 |  4.3
Fighting       | 4 5 |  5.1
Dodging        | 3 |  3.8
Shields        | |  0.7

Action                     |  1- 3 |  4- 6 || total
---------------------------+-------+-------++-------
  Melee: Hand axe          |    35 |   127 ||   162
         Headbutt          |     2 |    15 ||    17
         Punch             |       |     1 ||     1
 Invoke: Berserk           |     2 |     2 ||     4
   Stab: Sleeping          |     1 |       ||     1
         Distracted        |       |     1 ||     1
 Armour: Animal skin       |    10 |       ||    10
         Ring mail         |       |    19 ||    19
         Scale mail        |       |    20 ||    20
         Chain mail        |       |     7 ||     7
  Dodge: Dodged            |    45 |    58 ||   103
  Block: Buckler           |       |     5 ||     5
